NYP
HUDSON VALLEY RENEGADES @ TRI-CITY VALLEYCATS
08/20/2104
 
TOP OF THE 1ST
Hudson Valley Renegades batting - Pitching for Tri-City ValleyCats : RHP John Kelling
Pitching: RHP John Kelling
Batting: LHB David Lowe 0-0: Ball
1-0: Ball
2-0: TRIPLE (Flyball, 78XD, EV 105.6 MPH)
Batting: RHB David Juarez 0-0: Called Strike
0-1: Called Strike
0-2: Ball
1-2: DOUBLE (Line Drive, 9LM, EV 103.8 MPH)
David Lowe scores
Batting: SHB Jimmy Bimson 0-0: Foul Ball, location: 2RF
0-1: Foul Ball, location: 2F
0-2: Ball
1-2: Ball
2-2: Ball
3-2: Foul Ball, location: 23F
3-2: Strikes out looking
Batting: SHB Danny Ba 0-0: Ball
1-0: Fly out, F9 (Flyball, 9, EV 76.3 MPH)
Batting: RHB Nick Jones 0-0: Ball
1-0: Fly out, F8 (Flyball, 8LM, EV 81.3 MPH)
Top of the 1st over - 1 run, 2 hits, 0 errors, 1 left on base; Hudson Valley 1 - Tri-City 0
BOTTOM OF THE 1ST
Tri-City ValleyCats batting - Pitching for Hudson Valley Renegades : RHP Brian Lanclos
Pitching: RHP Brian Lanclos
Batting: RHB Shoichi Hirano 0-0: Foul Ball, location: 2F
0-1: Swinging Strike
0-2: Foul Ball, location: 3SF
0-2: Fly out, F7 (Line Drive, 7, EV 97.5 MPH)
Batting: LHB Brandon Davis 0-0: Ball
1-0: Called Strike
1-1: Called Strike
1-2: Ball
2-2: Foul Ball, location: 3F
2-2: Foul Ball, location: 3FF
2-2: Fly out, F7 (Flyball, 7LSF, EV 81.9 MPH)
Batting: RHB Ruben Salas 0-0: Ball
1-0: Called Strike
1-1: Ball
2-1: Foul Ball, location: 3FF
2-2: Strikes out swinging
Bottom of the 1st over - 0 runs, 0 hits, 0 errors, 0 left on base; Hudson Valley 1 - Tri-City 0
TOP OF THE 2ND
Hudson Valley Renegades batting - Pitching for Tri-City ValleyCats : RHP John Kelling
Batting: LHB Troy Howard 0-0: Called Strike
0-1: Ball
1-1: Called Strike
1-2: Ball
2-2: Foul Ball, location: 3F
2-2: Foul Ball, location: 2F
2-2: Ball
3-2: Ground out 6-3 (Groundball, 6, EV 111.3 MPH)
Batting: RHB Jim Unknown 0-0: Bunt for hit to 3S - play at first, batter OUT! 3-4
Batting: RHB Jim Unknown 0-0: Foul Ball, location: 2F
0-1: Ball
1-1: SINGLE (Groundball, 34D, EV 96.3 MPH)
Batting: RHB Jim Unknown 0-0: Ball
1-0: Called Strike
1-1: Swinging Strike
1-2: Strikes out looking
Top of the 2nd over - 0 runs, 1 hit, 0 errors, 1 left on base; Hudson Valley 1 - Tri-City 0
BOTTOM OF THE 2ND
Tri-City ValleyCats batting - Pitching for Hudson Valley Renegades : RHP Brian Lanclos
Batting: RHB Adam Frank 0-0: Ball
1-0: Foul Ball, location: 23F
1-1: Foul Ball, location: 2F
1-2: Ball
2-2: Fly out, F8 (Line Drive, 8RM, EV 91.3 MPH)
Batting: LHB Phil Krug 0-0: Ball
1-0: Fly out, F9 (Line Drive, 9S, EV 108.8 MPH)
Batting: RHB Ray Duzan 0-0: Ground out 6-3 (Groundball, 6, EV 103.8 MPH)
Bottom of the 2nd over - 0 runs, 0 hits, 0 errors, 0 left on base; Hudson Valley 1 - Tri-City 0
TOP OF THE 3RD
Hudson Valley Renegades batting - Pitching for Tri-City ValleyCats : RHP John Kelling
Batting: LHB David Lowe 0-0: Ball
1-0: Called Strike
1-1: Ball
2-1: Ball
3-1: SINGLE (Line Drive, 89S, EV 106.3 MPH)
Batting: RHB David Juarez 0-0: Ball
1-0: Called Strike
1-1: Ball
2-1: Fly out, F9 (Line Drive, 9D, EV 85.6 MPH)
Batting: SHB Jimmy Bimson 0-0: Called Strike
0-1: Ball
1-1: Ball
2-1: Foul Ball, location: 7LDF
2-2: Strikes out swinging
Batting: SHB Danny Ba 0-0: Ball
1-0: Foul Ball, location: 23FF
1-1: Ball
David Lowe steals 2nd base
2-1: SINGLE (Groundball, 4MD, EV 102.5 MPH)
David Lowe to third
Runner from 3rd tries for Home, SAFE, throw by CF to home
Batting: RHB Nick Jones 0-0: Ball
1-0: SINGLE (Groundball, 4D, EV 100.6 MPH)
Danny Ba to second
Runner from 2nd tries for 3rd, SAFE, throw by CF made to third
Nick Jones to second
Batting: LHB Troy Howard 0-0: Foul Ball, location: 7LDF
0-1: Swinging Strike
0-2: Ball
1-2: Foul Ball, location: 2F
1-2: Ball
2-2: Fly out, F8 (Flyball, 8RM, EV 83.1 MPH)
Top of the 3rd over - 1 run, 3 hits, 0 errors, 2 left on base; Hudson Valley 2 - Tri-City 0
BOTTOM OF THE 3RD
Tri-City ValleyCats batting - Pitching for Hudson Valley Renegades : RHP Brian Lanclos
Batting: RHB Miles Hart 0-0: Ground out 5-3 (Groundball, 5, EV 85.6 MPH)
Pitching: RHP Jordan Morales
Batting: RHB Lorenzo Rivas 0-0: Ball
1-0: Foul Ball, location: 9LMF
1-1: SINGLE (Line Drive, 8LS, EV 91.9 MPH)
Batting: RHB Daniel Penley 0-0: Called Strike
0-1: Swinging Strike
0-2: Ball
1-2: Strikes out swinging
Batting: RHB Shoichi Hirano 0-0: Foul Ball, location: 3F
0-1: Ground out 4-3 (Groundball, 4D, EV 95.6 MPH)
Bottom of the 3rd over - 0 runs, 1 hit, 0 errors, 1 left on base; Hudson Valley 2 - Tri-City 0
TOP OF THE 4TH
Hudson Valley Renegades batting - Pitching for Tri-City ValleyCats : RHP John Kelling
Batting: RHB Jim Unknown 0-0: Called Strike
0-1: Called Strike
0-2: Strikes out swinging
Batting: RHB Jim Unknown 0-0: Foul Ball, location: 9LDF
0-1: Swinging Strike
0-2: Strikes out looking
Batting: RHB Jim Unknown 0-0: Ball
1-0: Called Strike
1-1: Foul Ball, location: 2F
1-2: Strikes out swinging
Top of the 4th over - 0 runs, 0 hits, 0 errors, 0 left on base; Hudson Valley 2 - Tri-City 0
BOTTOM OF THE 4TH
Tri-City ValleyCats batting - Pitching for Hudson Valley Renegades : RHP Jordan Morales
Batting: LHB Brandon Davis 0-0: Ball
1-0: Called Strike
1-1: TRIPLE (Flyball, 8RXD, EV 102.5 MPH)
Batting: RHB Ruben Salas 0-0: Ball
1-0: Called Strike
1-1: TRIPLE (Flyball, 9D, EV 99.4 MPH)
Brandon Davis scores
Batting: RHB Adam Frank 0-0: Ball
1-0: Ball
2-0: Swinging Strike
2-1: Fly out, F7 (Flyball, 7D, EV 102.5 MPH)
Runner from 3rd tags up, SCORES, no throw by LF
Batting: LHB Phil Krug 0-0: Foul Ball, location: 2F
0-1: Ball
1-1: Ball
2-1: Ball
3-1: Ground out 1-3 (Groundball, 15S, EV 74.4 MPH)
Batting: RHB Ray Duzan 0-0: Ball
1-0: Ball
2-0: Ball
3-0: Called Strike
3-1: Ground out 4-3 (Groundball, 34D, EV 107.5 MPH)
Bottom of the 4th over - 2 runs, 2 hits, 0 errors, 0 left on base; Hudson Valley 2 - Tri-City 2
TOP OF THE 5TH
Hudson Valley Renegades batting - Pitching for Tri-City ValleyCats : RHP John Kelling
Batting: LHB David Lowe 0-0: Called Strike
0-1: Ball
1-1: Ball
2-1: Called Strike
2-2: Foul Ball, location: 7LMF
2-2: Ball
3-2: Foul Ball, location: 9LDF
3-2: SINGLE (Line Drive, 78S, EV 90.6 MPH)
Batting: RHB David Juarez 0-0: Grounds into double play, 5-4-3 (Groundball, 5S, EV 82.5 MPH)
Batting: SHB Jimmy Bimson 0-0: Called Strike
0-1: Ball
1-1: Ball
2-1: Foul Ball, location: 5DF
2-2: Ground out 1-3 (Groundball, 15, EV 73.8 MPH)
Top of the 5th over - 0 runs, 1 hit, 0 errors, 0 left on base; Hudson Valley 2 - Tri-City 2
BOTTOM OF THE 5TH
Tri-City ValleyCats batting - Pitching for Hudson Valley Renegades : RHP Jordan Morales
Batting: RHB Miles Hart 0-0: SINGLE (Line Drive, 89S, EV 105.0 MPH)
Batting: RHB Lorenzo Rivas 0-0: Called Strike
0-1: Swinging Strike
0-2: Ball
1-2: Strikes out swinging
Batting: RHB Daniel Penley 0-0: Ball
1-0: Called Strike
1-1: Swinging Strike
1-2: Strikes out looking
Batting: RHB Shoichi Hirano 0-0: Fielders Choice at 2nd, 6-4 (Groundball, 6, EV 107.5 MPH)
Bottom of the 5th over - 0 runs, 1 hit, 0 errors, 1 left on base; Hudson Valley 2 - Tri-City 2
TOP OF THE 6TH
Hudson Valley Renegades batting - Pitching for Tri-City ValleyCats : RHP John Kelling
Batting: SHB Danny Ba 0-0: Called Strike
0-1: Swinging Strike
0-2: Ball
1-2: Hit by Pitch
Pitching: LHP Jared Rumsey
Batting: RHB Nick Jones 0-0: Ball
1-0: Foul Ball, location: 7LMF
1-1: Fly out, F9 (Flyball, 9, EV 81.9 MPH)
Batting: LHB Troy Howard 0-0: Called Strike
0-1: Ball
1-1: Ball
2-1: Swinging Strike
2-2: Foul Ball, location: 2F
2-2: Strikes out looking
Batting: RHB Jim Unknown 0-0: Ball
1-0: Foul Ball, location: 23FF
1-1: Ball
2-1: Called Strike
2-2: Foul Ball, location: 23F
2-2: Strikes out swinging
Top of the 6th over - 0 runs, 0 hits, 0 errors, 1 left on base; Hudson Valley 2 - Tri-City 2
BOTTOM OF THE 6TH
Tri-City ValleyCats batting - Pitching for Hudson Valley Renegades : RHP Jordan Morales
Batting: LHB Brandon Davis 0-0: Called Strike
0-1: Ball
1-1: Called Strike
1-2: Foul Ball, location: 23F
1-2: Ball
2-2: Strikes out swinging
Batting: RHB Ruben Salas 0-0: Ball
1-0: Called Strike
1-1: Swinging Strike
1-2: Foul Ball, location: 3FF
1-2: Strikes out swinging
Batting: RHB Adam Frank 0-0: Called Strike
0-1: Ball
1-1: Foul Ball, location: 2F
1-2: Ball
2-2: Ground out 4-3 (Groundball, 4, EV 111.3 MPH)
Bottom of the 6th over - 0 runs, 0 hits, 0 errors, 0 left on base; Hudson Valley 2 - Tri-City 2
TOP OF THE 7TH
Hudson Valley Renegades batting - Pitching for Tri-City ValleyCats : LHP Jared Rumsey
Batting: RHB Jim Unknown 0-0: Called Strike
0-1: Called Strike
0-2: Ball
1-2: Ball
2-2: Fly out, F6 (Popup, 6MD, EV 49.4 MPH)
Batting: RHB Jim Unknown 0-0: Fly out, F8 (Flyball, 8LD, EV 110.0 MPH)
Batting: LHB David Lowe 0-0: Ball
1-0: Fly out, F7 (Flyball, 7, EV 87.5 MPH)
Top of the 7th over - 0 runs, 0 hits, 0 errors, 0 left on base; Hudson Valley 2 - Tri-City 2
BOTTOM OF THE 7TH
Tri-City ValleyCats batting - Pitching for Hudson Valley Renegades : RHP Jordan Morales
Pitching: LHP Tony Flores
Batting: LHB Phil Krug 0-0: Foul Ball, location: 2F
0-1: Ball
1-1: Foul Ball, location: 23F
1-2: SINGLE (Line Drive, 78S, EV 110.0 MPH)
Pitching: RHP Matt Comstock
Batting: RHB Ray Duzan 0-0: Ball
1-0: Called Strike
1-1: Ball
2-1: Swinging Strike
2-2: Foul Ball, location: 23F
2-2: Fielders Choice at 2nd, 1-6 (Groundball, 34S, EV 70.0 MPH)
Batting: RHB Miles Hart 0-0: Ball
Ray Duzan steals 2nd, throwing error, E2
Ray Duzan to third
1-0: Swinging Strike
1-1: Foul Ball, location: 2F
1-2: Hit by Pitch
Batting: RHB Lorenzo Rivas 0-0: Called Strike
0-1: Foul Ball, location: 3F
0-2: Fly out, F9 (Flyball, 89S, EV 84.4 MPH)
Batting: RHB Daniel Penley 0-0: Ball
1-0: Ground out 5-3 (Groundball, 56S, EV 72.5 MPH)
Bottom of the 7th over - 0 runs, 1 hit, 1 error, 2 left on base; Hudson Valley 2 - Tri-City 2
TOP OF THE 8TH
Hudson Valley Renegades batting - Pitching for Tri-City ValleyCats : LHP Jared Rumsey
Pitching: LHP Nick Avery
Batting: RHB David Juarez 0-0: Ball
1-0: Called Strike
1-1: Foul Ball, location: 9LMF
1-2: Ball
2-2: Fly out, F7 (Flyball, 7, EV 91.9 MPH)
Batting: SHB Jimmy Bimson 0-0: Ball
1-0: Called Strike
1-1: Foul Ball, location: 2F
1-2: Ground out 1-3 (Groundball, 13, EV 58.1 MPH)
Batting: SHB Danny Ba 0-0: Ball
1-0: Ball
2-0: Fly out, F7 (Flyball, 78D, EV 101.3 MPH)
Top of the 8th over - 0 runs, 0 hits, 0 errors, 0 left on base; Hudson Valley 2 - Tri-City 2
BOTTOM OF THE 8TH
Tri-City ValleyCats batting - Pitching for Hudson Valley Renegades : RHP Matt Comstock
Pitching: LHP Denny McMurtry
Batting: RHB Shoichi Hirano 0-0: Ball
1-0: Ball
2-0: Ball
3-0: Foul Ball, location: 2F
3-1: Base on Balls
Batting: LHB Brandon Davis 0-0: Swinging Strike
0-1: Fly out, F8 (Line Drive, 8RS, EV 80.6 MPH)
Batting: RHB Ruben Salas 0-0: Ball
1-0: Foul Ball, location: 2F
1-1: Foul Ball, location: 9LMF
1-2: Fielders Choice at 2nd, 4-6 (Groundball, 34, EV 100.0 MPH)
Batting: RHB Adam Frank 0-0: Called Strike
0-1: SINGLE (Groundball, 6MD, EV 101.9 MPH)
Ruben Salas to second
Runner from 2nd tries for 3rd, SAFE, throw by CF made at trailing runner, OUT! 8-4
Bottom of the 8th over - 0 runs, 1 hit, 0 errors, 1 left on base; Hudson Valley 2 - Tri-City 2
TOP OF THE 9TH
Hudson Valley Renegades batting - Pitching for Tri-City ValleyCats : LHP Nick Avery
Batting: RHB Nick Jones 0-0: Called Strike
0-1: Called Strike
0-2: Ground out 5-3 (Groundball, 5L, EV 82.5 MPH)
Pinch Hitting: RHB Jonathan Ramos 0-0: Foul Ball, location: 7LMF
0-1: Ball
1-1: Ground out 6-3 (Groundball, 6, EV 98.1 MPH)
Pinch Hitting: LHB Thomas Goss 0-0: Fly out, F4 (Popup, 34, EV 72.5 MPH)
Top of the 9th over - 0 runs, 0 hits, 0 errors, 0 left on base; Hudson Valley 2 - Tri-City 2
BOTTOM OF THE 9TH
Tri-City ValleyCats batting - Pitching for Hudson Valley Renegades : LHP Denny McMurtry
Now at C: Jonathan Ramos
Now at 2B: Jim Unknown
Batting: LHB Phil Krug 0-0: Called Strike
0-1: Ball
1-1: SOLO HOME RUN (Flyball, 9D, EV 96.9 MPH), Distance : 352 ft
Bottom of the 9th over - 1 run, 1 hit, 0 errors, 0 left on base; Hudson Valley 2 - Tri-City 3
Thursday, November 7th , 2024 - OOTP Baseball 25.10 Build 95